 Dungeon Crawl Stone Soup version 0.29-a0-393-g47a863cc1b (webtiles) character file.

Game seed: 13740031668444835830

38 Lekart the Skirmisher (level 3, 0/49 HPs)
             Began as a Draconian Chaos Knight on May 9, 2022.
             Was a Plaything of Xom.
             Slain by an adder (1 damage)
             ... on level 2 of the Dungeon.
             The game lasted 00:01:14 (1072 turns).

Lekart the Skirmisher (Draconian Chaos Knight)      Turns: 1072, Time: 00:01:14

Health: 0/49       AC:  5    Str: 14    XL:     3   Next: 25%
Magic:  3/3        EV: 12    Int: 12    God:    Xom [...*..]
Gold:   77         SH:  0    Dex: 10    Spells: 2/2 levels left

rFire   . . .      SeeInvis .   a - +0 falchion (chaos)
rCold   . . .      Faith    .   (no shield)
rNeg    . . .      Spirit   .   (body armour unavailable)
rPois   .          Reflect  .   (helmet restricted)
rElec   .          Harm     .   (no cloak)
rCorr   .          Rampage  .   (no gloves)
Will    .....                   (no boots)
Stlth   ..........              (no amulet)
HPRegen 0.16/turn               (no ring)
MPRegen 0.08/turn               (no ring)

@: berserking, lethally poisoned (0 -> -3), flying, very quick
A: AC +5, unfitting armour, cold-blooded, clumsy 1, screaming 2, devolution 1
a: Renounce Religion


You were on level 2 of the Dungeon.
You worshipped Xom.
You were a favourite toy of Xom.
You visited 1 branch of the dungeon, and saw 2 of its levels.

You collected 77 gold pieces.

Inventory:

Hand Weapons
 a - a +0 falchion of chaos (weapon)
Potions
 d - a potion of berserk rage
Miscellaneous
 b - a piece from Xom's chessboard (15/15) (quivered)


   Skills:
 * Level 4.2 Fighting
 + Level 3.5 Long Blades
 + Level 2.3 Dodging


You had 2 spell levels left.
You didn't know any spells.
Your spell library contained the following spells:

 Spells                   Type           Power      Damage    Failure   Level
 Sandblast                Erth           0%         2d4       32%         1
 Passwall                 Tmut/Erth      0%         N/A       45%         2
 Stone Arrow              Conj/Erth      0%         3d7       69%         3


Dungeon Overview and Level Annotations

Branches:
Dungeon (2/15)

Altars:


Innate Abilities, Weirdness & Mutations

Your plain brown scales are hard. (AC +5)
You cannot fit into any form of body armour.
You are cold-blooded and may be slowed by cold attacks.
You are clumsy. (Dex -2)
You frequently scream uncontrollably at your foes.
You have hidden genetic defects.


Message History

You feel sick. Something bites you. The jackal misses you. Something bites you.
A jackal is nearby!
You are too injured to fight recklessly!
It was a potion of flight.
You feel very buoyant.
You fly up into the air.
You feel sick. The jackal closely misses you.
Something bites you but does no damage. The jackal barely misses you.
A red film seems to cover your vision as you go berserk!
You feel yourself moving faster!
You feel mighty!
You feel sick. Something bites you.
* * * LOW HITPOINT WARNING * * *
The jackal bites you.
* * * LOW HITPOINT WARNING * * *
You closely miss something. Something bites you but does no damage.
The jackal misses you.
You closely miss something.
You feel sick. Something bites you but does no damage.
The jackal bites you but does no damage.
You miss something.
Your tail-slap misses something.
You feel sick.
You kill the jackal!
Something bites you.
* * * LOW HITPOINT WARNING * * *
You miss something. Something bites you.
* * * LOW HITPOINT WARNING * * *
You are lethally poisoned!
Something poisons you!
You barely miss something.
Your tail-slap misses something.
* * * LOW HITPOINT WARNING * * *
You feel sick. Something bites you but does no damage.
You miss something.
Your tail-slap misses something.
Something bites you but does no damage.
You barely miss something.
* * * LOW HITPOINT WARNING * * *
You feel sick. Something bites you but does no damage.
You closely miss something.
* * * LOW HITPOINT WARNING * * *
You feel sick. Something bites you but does no damage.
You closely miss something. Something bites you.
You die...
Xom yawns loudly!

...############
#...##.........#
#...##.........#
#...##.........# .
#...##.........# ..
#........{†..(.#
#...###........@#
#...##<.........#
#.#.##..........#
##.#.............#
.....##..........#
##.#.##..........#
##.#.##..........#
........#..########
..................#


There were no monsters in sight!

Vanquished Creatures
  An adder (D:2)
  A dart slug (D:1)
  2 ball pythons
  2 endoplasms
  2 giant cockroaches (D:1)
  2 goblins (D:1)
  A hobgoblin (D:1)
  5 jackals
  2 kobolds (D:1)
  A quokka (D:1)
  2 bats (D:1)
  A frilled lizard (D:1)
  A rat (D:1)
  A spectral hobgoblin (D:1)
24 creatures vanquished.

Notes
Turn   | Place    | Note
-------+----------+-------------------------------------------
     0 | D:1      | Lekart the Draconian Chaos Knight began the quest for the
                  | Orb.
     0 | D:1      | Reached XP level 1. HP: 19/19 MP: 1/1
    36 | D:1      | XOM: potion effect (brilliance)
   176 | D:1      | XOM: divination: detect creatures
   229 | D:1      | XOM: silly message
   242 | D:1      | Found a faded altar of an unknown god.
   380 | D:1      | Reached XP level 2. HP: 26/26 MP: 2/2
   455 | D:1      | XOM: chaos upgrade
   516 | D:1      | XOM: 7-stop teleportation journey
   572 | D:1      | XOM: silly message
   575 | D:1      | Reached skill level 4 in Fighting
   781 | D:1      | XOM: give mutations
   781 | D:1      | Gained mutation: You are clumsy. (Dex -2) [Xom's mischief]
   781 | D:1      | Gained mutation: You occasionally shout uncontrollably at
                  | your foes. [Xom's mischief]
   781 | D:1      | Gained mutation: You have hidden genetic defects. [Xom's
                  | mischief]
   812 | D:1      | XOM is BORED!
   905 | D:2      | Reached XP level 3. HP: 29/33 MP: 3/3
   930 | D:2      | Gained mutation: You frequently scream uncontrollably at
                  | your foes. [hidden defects]
  1070 | D:2      | HP: 2/49 [poisoned by an adder]
  1072 | D:2      | Slain by an adder

Illustrated notes

Levels and vault maps discovered:
D:1:      enne_arrival_octagon_isle, layout_loops_ring,
          dreamdust_ecumenical_altar_drowned_temple
D:2:      layout_basic

Skill      XL: |  1  2 |
---------------+-------+-----
Fighting       | 4 |  4.2
Long Blades    | |  3.5
Dodging        | |  2.3

Action                   || total
-------------------------++-------
Melee: Falchion          ||    68
       Tailslap          ||     6
  Use: Scroll            ||     5
       Potion            ||     5
 Stab: Sleeping          ||     1
Armor: Skin              ||    25
Dodge: Dodged            ||    50

Table legend: (Time is in decaauts)
 A = Elapsed time spent in this place.
 B = Non-inter-level travel time spent in this place.
 C = Inter-level travel time spent in this place.
 D = Time resting spent in this place.
 E = Time spent auto-exploring this place.
 F = Levels seen in this place.
 G = Mean time per level.
                   A        B        C        D        E       F      G
               +--------+--------+--------+--------+--------+-----+--------+
         Total |   1086 |   1055 |     31 |     28 |    852 |   2 |  543.0 |
       Dungeon |   1086 |   1055 |     31 |     28 |    852 |   2 |  543.0 |
               +--------+--------+--------+--------+--------+-----+--------+

Top non-repeatable levels by time:
     D:1: 900 daAuts
     D:2: 185 daAuts
